 Dungeon Crawl Stone Soup version 0.32-a0-859-gb0a091d592 (webtiles) character file.

Game seed: 1049458760694093459

12 Irreverend the Ruffian (level 2, -1/14 HPs)
             Began as a Draconian Shapeshifter on Mar 27, 2024.
             Killed by nerve-wracking pain
             ... invoked by Jessica
              (11 damage)
             ... on level 2 of the Dungeon.
             The game lasted 00:04:01 (970 turns).

Irreverend the Ruffian (Draconian Shapeshifter)      Turns: 970, Time: 00:04:01

Health: -1/14      AC:  4    Str: 16    XL:     2   Next: 20%
Magic:  11/11      EV: 15    Int: 10    God:
Gold:   63         SH:  0    Dex: 10    Spells: 1/1 levels left

rFire   . .          .
                       - Unarmed
rCold   . . .        (shield currently unavailable)
rNeg    . . .        (body armour unavailable)
rPois   .            (helmet restricted)
rElec   .            (no cloak)
rCorr   .            (no gloves)
SInv    .            (no boots)
Will    .....        (no amulet)
Stlth   +            e - ring of magical power
HPRegen 0.22/turn    (no ring)
MPRegen 0.12/turn

%: no passive effects
@: flux-form, glowing
A: glow, contaminating, reduced hp, AC +4, unfitting armour, cold-blooded
a: Begin Untransformation


You were on level 2 of the Dungeon.
You were something dangerously unstable.
You visited 1 branch of the dungeon, and saw 2 of its levels.

You collected 63 gold pieces.

Inventory:

Jewellery
 e - a ring of magical power (left hand)
Talismans
 b - a beast talisman
 c - a flux talisman (active)
Scrolls
 d - 2 scrolls of identify {unknown}
 f - a scroll of teleportation {unknown}
 h - a scroll of poison {unknown}
Potions
 a - a potion of lignification
 g - a potion of curing {unknown}
 i - 2 potions of mutation {unknown}
 j - a potion of heal wounds {unknown}


   Skills:
 - Level 1.1 Fighting
 - Level 1.7 Dodging
 + Level 3.3 Unarmed Combat
 + Level 3.3 Shapeshifting


You had one spell level left.
You didn't know any spells.
Your spell library was empty.

Dungeon Overview and Level Annotations

Branches:
Dungeon (2/15)

Altars:

Annotations:
D:2 Jessica


Innate Abilities, Weirdness & Mutations

You are something dangerously unstable.
You glow with magical radiation, making you easy to see and hit.
Foes you strike become dangerously contaminated with magical radiation.
Your maximum health is decreased, since you lack skill for your form.
You are incapable of wielding weapons or throwing items.
Your plain brown scales are hard. (AC +4)
You cannot fit into any form of body armour.
You are cold-blooded and may be slowed by cold attacks.


Message History

You can't go down here!
Unknown command.
You can't go down here!
Unknown command.
There are no items here.
Okay, then.
Unknown command.
You start waiting.
Done waiting.
You start waiting.
Done waiting.
What level of the Dungeon? (default 1, ? - help)
There is a stone staircase leading down here.
You climb downwards.
There is a stone staircase leading up here.
Jessica the Apprentice Sorceress comes into view.
She is wielding a +0 dagger and carrying a wand of polymorph.
You begin transforming.
You continue transforming. x3
Your transformation has ended.
You turn into something dangerously unstable.
HP restored.
You hit Jessica.
Jessica begins to glow.
Jessica is moderately wounded.
Jessica barely misses you.
You barely miss Jessica.
Jessica is moderately wounded.
You hit Jessica.
Jessica glows dangerously bright.
Jessica is moderately wounded.
Jessica mumbles some strange words.
Jessica seems to speed up.
You hit Jessica.
Jessica shudders as magic cascades through her.
Jessica twists and deforms.
Jessica is heavily wounded.
Jessica hits you but does no damage. Jessica hits you with a +0 dagger.
You hit Jessica.
Jessica begins to glow.
Jessica is heavily wounded.
Jessica gestures at you while chanting. Pain shoots through your body!
Ouch! That really hurt!
You die...

#########.#.#
#.....<.....#
#.######.##.##.#.....
#.....@p.##.# .# .##
###########.# .. #.#
### #.. ###


You could see Jessica (fast, contam, misshapen).

Vanquished Creatures
  2 bats (D:1)
  An endoplasm (D:1)
  A goblin (D:1)
  2 hobgoblins (D:1)
  A kobold (D:1)
  2 ball pythons (D:1)
  2 frilled lizards (D:1)
11 creatures vanquished.

Notes
Turn   | Place    | Note
-------+----------+-------------------------------------------
     0 | D:1      | Irreverend the Draconian Shapeshifter began the quest for
                  | the Orb.
     0 | D:1      | Reached XP level 1. HP: 16/16 MP: 1/1
   374 | D:1      | Reached XP level 2. HP: 23/23 MP: 2/2
   956 | D:2      | Noticed Jessica
   970 | D:2      | Killed from afar by Jessica

Illustrated notes

Levels and vault maps discovered:
D:1:      moated_graveyard_arrival, layout_loops_ring,
          dreamdust_princess_bridge, chequers_serial_rivers_micro_d
D:2:      layout_loops_cross, basic_altar, uniq_jessica

Action                     || total
---------------------------++-------
  Melee: Unarmed           ||    31
         Punch             ||     1
         Tailslap          ||     1
   Stab: Sleeping          ||     1
 Armour: Skin              ||    14
  Dodge: Dodged            ||    14
   Form: Flux              ||     1

Table legend: (Time is in decaauts)
 A = Elapsed time spent in this place.
 B = Non-inter-level travel time spent in this place.
 C = Inter-level travel time spent in this place.
 D = Time resting spent in this place.
 E = Time spent auto-exploring this place.
 F = Levels seen in this place.
 G = Mean time per level.
                   A        B        C        D        E       F      G
               +--------+--------+--------+--------+--------+-----+--------+
         Total |    967 |    940 |     27 |    200 |    629 |   2 |  483.5 |
       Dungeon |    967 |    940 |     27 |    200 |    629 |   2 |  483.5 |
               +--------+--------+--------+--------+--------+-----+--------+

Top non-repeatable levels by time:
     D:1: 949 daAuts
     D:2: 18 daAuts
